AoeStats
← Chiqui Magia

Arena

505292204Analyzed
2v2 RM · 23d ago on Sep 8, 2026· 55m 38s· 4 players
Game mode
Random Map
Map size
Medium (4 player)
Population
200
Speed
Normal
Resources
Standard
Victory
Conquest
Starting age
Dark Age
Ending age
Imperial Age
RankedLock teamsTeams togetherTeam positionsShared explorationLock speedFull tech treeHidden civsTurbo modeCheats
Victory
Defeat
🇩🇪 Bulgarians · Germany
1418
+19
🇩🇪 Gurjaras · Germany
1415
+18
🇦🇷 Maya · Argentina
1493
-19
🇦🇷 Inca · Argentina
1464
-18
Chaos
10:04 Feudal Age
15:50 Castle Age
15:23 Fletching
15:22 Double-Bit Axe
17:28 Horse Collar
22:44 Loom
24:14 Heavy Plow
26:12 Bow Saw
27:20 Wheelbarrow
29:08 Hand Cart
29:21 Scale Barding Armor
29:18 Gold Mining
33:06 Chain Barding Armor
33:27 Stone Mining
38:22 Bodkin Arrow
41:28 Imperial Age
38:32 Crossbowman
38:50 Elite Skirmisher
39:40 Padded Archer Armor
46:39 Elite Elephant Archer
48:03 Thumb Ring
50:44 Bracer
52:13 Leather Archer Armor
51:58 Siege Elephant
54:17 Plate Barding Armor
54:54 Crop Rotation
56:21 Forging
Nasenbär
10:40 Feudal Age
14:38 Castle Age
12:46 Horse Collar
13:24 Double-Bit Axe
14:33 Scale Mail Armor
15:32 Bow Saw
22:06 Heavy Plow
25:15 Wheelbarrow
24:25 Loom
25:27 Town Watch
26:24 Chain Mail Armor
27:02 Hand Cart
29:58 Imperial Age
28:17 Gold Mining
28:47 Masonry
30:04 Fletching
31:20 Scale Barding Armor
31:35 Siege Engineers
32:00 Chain Barding Armor
32:26 Conscription
32:24 Bloodlines
32:15 Husbandry
33:31 Plate Barding Armor
34:36 Crop Rotation
33:40 Light Cavalry
33:57 Cavalier
35:26 Forging
36:21 Iron Casting
36:20 Devotion
36:11 Hussar
38:09 Blast Furnace
37:43 Ballistics
38:07 Bodkin Arrow
38:15 Stirrups
40:32 Chemistry
40:07 Town Patrol
40:27 Bracer
40:37 Padded Archer Armor
41:31 Stone Mining
41:12 Elite Skirmisher
42:09 Leather Archer Armor
42:45 Thumb Ring
47:45 Architecture
47:47 Plate Mail Armor
47:07 Gambesons
47:22 Squires
47:08 Arson
48:33 Bagains
50:19 Murder Holes
Fema
6:12 Loom
8:41 Feudal Age
9:19 Double-Bit Axe
12:36 Fletching
21:29 Castle Age
19:36 Champi Runner
20:07 Horse Collar
20:17 Gold Mining
21:43 Champi Warrior
22:28 Scale Mail Armor
23:47 Chain Mail Armor
29:00 Forging
39:35 Imperial Age
39:14 Iron Casting
40:32 Wheelbarrow
39:48 Elite Kamayuk
40:24 Capped Ram
43:06 Plate Mail Armor
44:28 Blast Furnace
47:52 Pikeman
48:32 Squires
49:30 Bodkin Arrow
49:50 Elite Skirmisher
50:36 Thumb Ring
50:33 Bracer
51:36 Chemistry
50:56 Ballistics
51:19 Conscription
51:40 Elite Champi Warrior
54:55 Padded Archer Armor
Chiqui Magia
10:31 Feudal Age
14:08 Castle Age
12:46 Stone Mining
12:53 Fletching
15:24 Gold Mining
15:22 Double-Bit Axe
18:56 Bow Saw
19:35 Bodkin Arrow
23:16 Fervor
24:47 Wheelbarrow
26:18 Ballistics
26:24 Town Watch
28:40 Treadmill Crane
30:02 Padded Archer Armor
30:53 Loom
34:21 Imperial Age
32:27 Thumb Ring
32:57 Masonry
33:23 Hand Cart
35:43 Architecture
36:02 Conscription
38:11 Chemistry
37:16 Bracer
38:42 Pikeman
39:23 Squires
39:25 Scale Mail Armor
39:35 Forging
39:42 Halberdier
41:26 Chain Mail Armor
40:54 Horse Collar
42:16 Two-Man Saw
42:58 Plate Mail Armor
43:03 Iron Casting
42:58 Eagle Warrior
43:37 Arson
43:57 Capped Ram
45:11 Heavy Plow
47:16 Elite Eagle Warrior
49:53 Blast Furnace
49:30 Holcans
53:52 Elite Skirmisher
Connection lost

Rejoining the realm…

Still unreachable

The connection could not be restored.

Session expired

The server has moved on; the page needs a fresh start.